 Dungeon Crawl Stone Soup version 0.29-a0-330-g52719c12eb (webtiles) character file.

Game seed: 6411836073823152250

6811 tilp the Fighter (level 8, -1/70 (79) HPs)
             Began as a Grey Draconian Hedge Wizard on May 13, 2022.
             Was a Priest of Ru.
             Slain by Urug
             ... wielding a +2 eveningstar of draining
              (10 damage)
             ... on level 10 of the Dungeon.
             The game lasted 00:17:48 (10088 turns).

tilp the Fighter (Grey Draconian Hedge Wizard)     Turns: 10088, Time: 00:17:48

HP:   -1/70 (79)    AC: 15    Str: 12    XL:     8   Next: 77%
MP:   15/15         EV: 13    Int: 18    God:    Ru [***...]
Gold: 709           SH:  0    Dex: 12    Spells: 8/17 levels left

rFire   . . .      SeeInvis .   a - +5 falchion (spect)
rCold   . . .      Faith    .   (no shield)
rNeg    . . .      Spirit   .   (body armour unavailable)
rPois   .          Reflect  .   s - +1 hat
rElec   .          Harm     .   (no cloak)
rCorr   .          Rampage  .   e - +2 pair of gloves
Will    .....                   (no boots)
Stlth   ++........              m - amulet of regeneration
HPRegen 1.01/turn               b - ring of ice
MPRegen 0.14/turn               B - ring of fire

@: attractive, heavily drained
A: AC +11, amphibious, unfitting armour, cold-blooded, no air magic, no hexes
magic, no translocations magic, inexperienced 1
a: Renounce Religion, Draw Out Power


You were on level 10 of the Dungeon.
You worshipped Ru.
Ru was most pleased with you.
You visited 1 branch of the dungeon, and saw 10 of its levels.
You also visited: Ossuary.

You collected 709 gold pieces.

Inventory:

Hand Weapons
 a - a +5 spectral falchion (weapon)
 A - a +2 flail of protection
 C - a +0 morningstar
 D - a +5 scimitar
Missiles
 f - 362 stones
 q - 22 poisoned darts (quivered)
 I - 2 atropa-tipped darts
 K - 5 javelins
Armour
 e - a +2 pair of gloves (worn)
 p - an orb of energy
 s - a +1 hat (worn)
Jewellery
 b - a ring of ice (left hand)
 i - an amulet of faith
 m - an amulet of regeneration (around neck)
 B - a ring of fire (right hand)
Wands
 t - a wand of flame (39)
 M - a wand of iceblast (4)
Scrolls
 d - 4 scrolls of vulnerability
 h - 4 scrolls of enchant weapon
 j - 2 scrolls of blinking
 k - 5 scrolls of fear
 r - a scroll of torment
 v - 2 scrolls of immolation
 y - 4 scrolls of teleportation
 E - a scroll of brand weapon
 G - a scroll of magic mapping
 H - 2 scrolls of enchant armour
 L - a scroll of silence
 N - a scroll of amnesia
Potions
 c - 3 potions of magic
 g - 3 potions of heal wounds
 l - 4 potions of invisibility
 n - a potion of brilliance
 o - 4 potions of curing
 u - 3 potions of attraction
 w - a potion of ambrosia
 x - 5 potions of cancellation
 z - 3 potions of resistance
 J - a potion of mutation


   Skills:
 - Level 10.0 Fighting
 + Level 3.0 Long Blades
 - Level 6.0 Throwing
 - Level 4.0 Dodging
 - Level 4.0 Stealth
 - Level 5.0 Spellcasting
 - Level 4.0 Conjurations
 - Level 1.0 Summonings
 + Level 5.4 Fire Magic
 - Level 4.0 Evocations


You had 8 spell levels left.
You knew the following spells:

 Your Spells              Type           Power      Damage    Failure   Level
a - Magic Dart            Conj           72%        1d6       2%          1
b - Slow                  Hex            16%        N/A       13%         1
c - Blink                 Tloc           8%         N/A       21%         2
d - Dazzling Flash        Conj/Hex       22%        N/A       17%         3
e - Scorch                Fire           70%        2d8       2%          2

Your spell library contained the following spells:

 Spells                   Type           Power      Damage    Failure   Level
 Conjure Flame            Conj/Fire      32%        6-21      6%          3
 Call Imp                 Summ           8%         N/A       13%         2
 Ignite Poison            Fire/Tmut/Pois 16%        N/A       19%         3
 Flame Wave               Conj/Fire      32%        2d8       19%         4
 Sticky Flame             Conj/Fire      32%        2d5       19%         4
 Starburst                Conj/Fire      16%        6d6       96%         6
 Alistair's Intoxication  Tmut/Pois      2%         N/A       98%         5
 Borgnjor's Vile Clutch   Necr/Erth      2%         N/A       98%         5
 Eringya's Noxious Bog    Tmut/Pois      2%         N/A       100%        6
 Summon Cactus Giant      Summ           4%         N/A       100%        6
 Mephitic Cloud           Conj/Pois/Air  Unusable   N/A       N/A         3
 Iskenderun's Mystic Bla  Conj/Tloc      Unusable   2d4       N/A         4

Dungeon Overview and Level Annotations

Branches:
Dungeon (10/15)            Temple (0/1) D:7             Orc (0/2) D:10
Ossuary (visited)
   Lair: D:8-11

Altars:
Makhleb
Ru
Sif Muna
Trog

Shops:
D:6 **

Annotations:
D:3 2 transporters, ma3's ghost, amateur KoEn
D:10 Urug


Innate Abilities, Weirdness & Mutations

Your dull iron-grey scales are very hard. (AC +11)
You are amphibious.
You cannot fit into any form of body armour.
You are cold-blooded and may be slowed by cold attacks.
You cannot study or cast Air magic.
You cannot study or cast Hexes magic.
You cannot study or cast Translocations magic.
You are somewhat inexperienced. (-2 XL)


Message History

Unknown command.
Casting: Scorch (safe; 2% risk of failure)
Confirm with . or Enter, or press ? or * to list all spells.
You cannot use spells of this school.
Aiming: Iceblast
Press: ? - help, Shift-Dir - straight line, f/p - Urug
Aim: Urug, wielding a +2 eveningstar of draining, wearing a +0 chain mail and quivering javelins (lightly wounded, very poisoned, slow)
The mass of ice explodes!
The iceblast engulfs Urug.
Urug is lightly wounded.
Urug is attracted toward you.
Unknown command.
Unknown command.
You completely miss Urug. You tail-slap Urug. You punch Urug, but do no damage.
Urug is moderately wounded.
Your +5 spectral falchion barely misses Urug.
Urug hits you with a +2 eveningstar of draining!!
You feel drained.
Unknown command.
You slash Urug!
Urug is heavily wounded.
Your +5 spectral falchion hits Urug!
Urug hits you with a +2 eveningstar of draining!
You feel drained.
You closely miss Urug.
Urug is severely wounded.
Your +5 spectral falchion closely misses Urug.
Urug is no longer moving slowly.
Unknown command.
You barely miss Urug. You tail-slap Urug, but do no damage.
Urug is severely wounded.
Your +5 spectral falchion hits Urug!
Urug hits you with a +2 eveningstar of draining!!
* * * LOW HITPOINT WARNING * * *
You feel drained.
* * * LOW HITPOINT WARNING * * *
You hit Urug.
Urug is almost dead.
Your +5 spectral falchion completely misses Urug.
Urug hits you with a +2 eveningstar of draining!
You die...

#....###...#
#..........# #..(.#
###..........#
#....####
.....######..#
#........ .....#
#..# #........
.....# #..#
#/....... .....#
#..# #........
.....######..#
#o(..#
..........<..#
#@...#
.............#
#....#
###..........#
#....####
#..........#
#........
#..........#
#..######
#..........###..#
###...............#
#.#.#.#.#.#.......#
.#.#.#.#.#........#


You could see Urug (poisoned) and a friendly +5 spectral falchion (summoned).

Vanquished Creatures
  A two-headed ogre (D:8)
  Maggie (D:6)
  A wraith (D:10)
  A shadow (D:10)
  10 yaks
  An acid dragon (D:9)
  2 water moccasins
  An ice beast (D:4)
  4 orc warriors
  An ogre (D:5)
  2 centaurs (D:9)
  A phantom (D:5)
  2 kobold brigands
  6 bullfrogs
  3 gnoll sergeants
  A necrophage (D:5)
  A scorpion (D:5)
  14 wights
  6 killer bees (D:9)
  3 howler monkeys
  6 centaur zombies (Ossuary)
  7 hounds
  3 jellies
  5 orc priests
  3 iguanas
  4 orc wizards
  6 mummies
  Robin (D:3)
  15 gnolls
  7 adders
  A white imp (D:7)
  An ufetubus (D:6)
  3 worms
  3 dart slugs
  33 orcs
  5 ball pythons
  6 bats
  9 endoplasms
  2 giant cockroaches
  6 goblins
  9 hobgoblins
  13 kobolds
  5 quokkas
  8 frilled lizards
  4 hobgoblin zombies
  An orc zombie (D:6)
  5 rats (D:1)
233 creatures vanquished.

Vanquished Creatures (others)
  An orc wizard (D:9)
  4 fungi (D:3)
  A plant (D:3)
6 creatures vanquished.

Grand Total: 239 creatures vanquished

Notes
Turn   | Place    | Note
-------+----------+-------------------------------------------
     0 | D:1      | tilp the Draconian Hedge Wizard began the quest for the
                  | Orb.
     0 | D:1      | Reached XP level 1. HP: 14/14 MP: 4/4
   233 | D:1      | Reached XP level 2. HP: 22/22 MP: 3/6
   344 | D:1      | Reached skill level 1 in Fighting
   804 | D:1      | Reached XP level 3. HP: 29/29 MP: 3/7
   931 | D:1      | Learned a level 1 spell: Slow
   934 | D:1      | Learned a level 2 spell: Blink
  1272 | D:1      | Reached skill level 2 in Fighting
  1469 | D:2      | Reached XP level 4. HP: 17/36 MP: 0/8
  1776 | D:2      | Reached skill level 1 in Hexes
  3216 | D:3      | Found a transporter.
  3219 | D:3      | Noticed ma3's ghost (amateur KoEn)
  3231 | D:3      | Found a transporter.
  3257 | D:3      | Noticed Robin
  3261 | D:3      | Reached skill level 1 in Throwing
  3264 | D:3      | Reached XP level 5. HP: 35/42 MP: 9/9
  3270 | D:3      | Killed Robin
  3954 | D:3      | Found a faded altar of an unknown god.
  4075 | D:4      | Noticed an ice beast
  4089 | D:4      | Killed an ice beast
  4090 | D:4      | Reached skill level 3 in Fighting
  4090 | D:4      | Reached XP level 6. HP: 51/51 MP: 8/10
  4988 | D:5      | Entered Level 5 of the Dungeon
  4996 | D:5      | Reached skill level 4 in Fighting
  5095 | D:5      | Reached skill level 1 in Evocations
  5095 | D:5      | Your scales start taking on a dull iron-grey colour.
  5095 | D:5      | Reached XP level 7. HP: 59/59 MP: 11/11
  5369 | D:5      | Found a sacrificial altar of Ru.
  5376 | D:5      | Became a worshipper of Ru the Awakened
  5692 | D:6      | Found a sand-covered staircase.
  5701 | Ossuary  | Entered an ossuary
  5709 | Ossuary  | Reached XP level 8. HP: 59/67 MP: 13/13
  5750 | Ossuary  | Reached skill level 5 in Fighting
  6056 | D:6      | Found Huich's Specific Store.
  6063 | D:6      | Found Kukoageb's General Store.
  6075 | D:6      | Noticed Maggie
  6085 | D:6      | Killed Maggie
  6151 | D:6      | Found a shimmering blue altar of Sif Muna.
  6298 | D:6      | Reached skill level 6 in Fighting
  6298 | D:6      | Reached skill level 5 in Spellcasting
  6302 | D:6      | Learned a level 3 spell: Dazzling Flash
  6305 | D:6      | Learned a level 2 spell: Scorch
  6611 | D:7      | Identified the +1 robe of the Lumpy Towns {rElec rN+ Int+3
                  | Slay+3}
  6614 | D:7      | Gained mutation: You cannot study or cast Air magic. [Ru
                  | sacrifice]
  6614 | D:7      | Gained mutation: You cannot study or cast Hexes magic. [Ru
                  | sacrifice]
  6614 | D:7      | Gained mutation: You cannot study or cast Translocations
                  | magic. [Ru sacrifice]
  6614 | D:7      | Reached * piety under Ru
  6674 | D:7      | Reached XP level 9. HP: 54/74 MP: 16/16
  6735 | D:7      | Found a staircase to the Ecumenical Temple.
  7387 | D:8      | Reached skill level 5 in Throwing
  7389 | D:8      | Reached skill level 7 in Fighting
  7627 | D:8      | Reached skill level 8 in Fighting
  7828 | D:8      | Noticed a two-headed ogre
  7836 | D:8      | Killed a two-headed ogre
  7837 | D:8      | Reached XP level 10. HP: 88/88 MP: 10/17
  8195 | D:8      | Found a burning altar of Makhleb.
  8197 | D:8      | Noticed an Executioner
  8657 | D:8      | Reached skill level 9 in Fighting
  8994 | D:9      | Identified the +6 mace of the Candelabrum {protect, rN+
                  | MP+9 Str+5}
  9032 | D:9      | Reached skill level 10 in Fighting
  9095 | D:9      | Reached skill level 1 in Long Blades
  9558 | D:10     | Entered Level 10 of the Dungeon
  9576 | D:10     | Found a bloodstained altar of Trog.
  9577 | D:10     | Found a staircase to the Orcish Mines.
  9596 | D:10     | Reached skill level 5 in Fire Magic
  9689 | D:10     | Gained mutation: You are somewhat inexperienced. (-2 XL)
                  | [Ru sacrifice]
  9689 | D:10     | Reached XP level 9. HP: 85/85 MP: 16/16
  9689 | D:10     | Reached XP level 8. HP: 79/79 MP: 15/15
  9689 | D:10     | Reached ** piety under Ru
  9689 | D:10     | Reached *** piety under Ru
 10080 | D:10     | Noticed Urug
 10088 | D:10     | Slain by Urug

Illustrated notes

Levels and vault maps discovered:
D:1:      dpeg_arrival_round_b, layout_basic
D:2:      layout_basic, minivault_27
D:3:      layout_basic, gammafunk_ghost_stat_death,
          shapermc_ecumenical_altar_petra, kennysheep_generic_room_2,
          uniq_crazy_yiuf_cottage, uniq_robin
D:4:      layout_loops_corners
D:5:      layout_basic, old_standard_altar, hex_large
D:6:      layout_loops_cross, mainiacjoe_overflow_alcove_1,
          nicolae_ossuary_entry_giza, serial_glass, glass_columns_a,
          glass_columns_b, nicolae_specific_store, uniq_maggie
D:7:      layout_loops_cross, temple_hall, minmay_hedge_maze,
          kennysheep_nondescript
D:8:      kennysheep_spiral_hall, layout_basic, makhleb_altar_promises_db,
          st_stairs_12, dreamdust_princess_bridge
D:9:      layout_roguey
D:10:     layout_small_grid, trog_three_pillars_becter, orc_0_dummy,
          minivault_23, uniq_urug

Skill      XL: |  1  2  3  4  5  6  7  8  9 10 |
---------------+-------------------------------+-----
Dodging        | 2 4 |  4.0
Stealth        | 2 3 4 |  4.0
Fighting       | 1 2 3 4 6 8 10 | 10.0
Conjurations   | 2 3 4 |  4.0
Hexes          | 1 2 0 |  0.0
Translocations | 2 3 4 0 |  0.0
Throwing       | 1 2 4 6 |  6.0
Evocations     | 1 3 4 |  4.0
Spellcasting   | 5 |  5.0
Fire Magic     | 2 5 |  5.4
Long Blades    | 3 2 |  3.0
Summonings     | |  1.0

Action                   |  1- 3 |  4- 6 |  7- 9 | 10-12 || total
-------------------------+-------+-------+-------+-------++-------
Melee: Dagger            |    17 |     8 |       |       ||    25
       Tailslap          |     3 |    16 |    36 |    19 ||    74
       Falchion          |       |   115 |   237 |   106 ||   458
       Punch             |       |     1 |     7 |     2 ||    10
Throw: Stone             |     1 |     2 |       |       ||     3
       Dart              |       |     6 |     5 |       ||    11
 Cast: Magic Dart        |    68 |    42 |       |       ||   110
       Slow              |     2 |     1 |     1 |       ||     4
       Scorch            |       |       |     2 |       ||     2
Invok: Sacrifice Arcana  |       |       |     1 |       ||     1
       Sacrifice Experie |       |       |     1 |       ||     1
Evoke: Wand              |       |       |     1 |       ||     1
  Use: Scroll            |     3 |    15 |     6 |     2 ||    26
       Potion            |       |     1 |     1 |       ||     2
 Stab: Sleeping          |     1 |     4 |     6 |       ||    11
Armor: Skin              |     5 |    45 |   163 |   104 ||   317
Dodge: Dodged            |    19 |    65 |   198 |   122 ||   404

Table legend: (Time is in decaauts)
 A = Elapsed time spent in this place.
 B = Non-inter-level travel time spent in this place.
 C = Inter-level travel time spent in this place.
 D = Time resting spent in this place.
 E = Time spent auto-exploring this place.
 F = Levels seen in this place.
 G = Mean time per level.
                   A        B        C        D        E       F      G
               +--------+--------+--------+--------+--------+-----+--------+
         Total |  10226 |   9639 |    587 |    573 |   7449 |  11 |  929.6 |
       Dungeon |  10106 |   9519 |    587 |    569 |   7405 |  10 | 1010.6 |
       Ossuary |    120 |    120 |      0 |      4 |     44 |   1 |  120.0 |
               +--------+--------+--------+--------+--------+-----+--------+

Top non-repeatable levels by time:
     D:2: 1630 daAuts
     D:8: 1464 daAuts
     D:1: 1387 daAuts
     D:3: 1011 daAuts
     D:4: 994 daAuts
     D:6: 855 daAuts
     D:7: 833 daAuts
     D:9: 758 daAuts
     D:5: 627 daAuts
    D:10: 542 daAuts
 Ossuary: 120 daAuts
